 Seeded DCSS version 0.28-a0-1152-g9c71ebef14 (webtiles) character file.

Game seed: 20211214 (custom seed)

10525 flotson the Skirmisher (level 11, -6/86 HPs)
             Began as a Demonspawn Gladiator on Dec 14, 2021.
             Was an Elder of Qazlal.
             Mangled by a cane toad (16 damage)
             ... on level 10 of the Dungeon.
             The game lasted 00:20:06 (12931 turns).

flotson the Skirmisher (Demonspawn Gladiator)      Turns: 12931, Time: 00:20:07

Health: -6/86      AC: 18    Str: 19    XL:     11   Next: 37%
Magic:  13/16      EV: 12    Int: 10    God:    Qazlal [****..]
Gold:   566        SH:  5    Dex: 14    Spells: 10/10 levels left

rFire   . . .      SeeInvis +   a - +3 quarterstaff (chaos)
rCold   . . .      Faith    +   (shield currently unavailable)
rNeg    . . .      Spirit   .   g - +0 storm dragon scales
rPois   .          Reflect  .   c - +0 helmet
rElec   +          Harm     .   v - +0 cloak
rCorr   .          Rampage  .   D - +0 pair of gloves
Will    .....                   C - +0 pair of boots
Stlth   ..........              i - amulet of faith
HPRegen 0.24/turn               q - ring of see invisible
MPRegen 0.15/turn               N - ring of flight

@: flying, repel missiles
A: ignite blood 2, powered by death 1, sturdy frame 2, demonic touch 1
a: Renounce Religion, Upheaval, Elemental Force


You were on level 10 of the Dungeon.
You worshipped Qazlal.
Qazlal was greatly pleased with you.
You visited 3 branches of the dungeon, and saw 12 of its levels.
You also visited: Sewer and Ossuary.

You collected 566 gold pieces.

Inventory:

Hand Weapons
 a - a +3 quarterstaff of chaos (weapon)
 b - a +0 lajatang
Missiles
 d - 7 throwing nets
 h - 49 poisoned darts (quivered)
 r - 8 boomerangs
Armour
 c - a +0 helmet (worn)
 g - +0 storm dragon scales (worn)
 v - a +0 cloak (worn)
 z - a +3 chain mail of positive energy
 C - a +0 pair of boots (worn)
 D - a +0 pair of gloves (worn)
 P - +0 swamp dragon scales
Jewellery
 i - an amulet of faith (around neck)
 q - a ring of see invisible (left hand)
 M - an amulet of guardian spirit
 N - a ring of flight (right hand)
 O - an amulet of regeneration
Wands
 s - a wand of iceblast (7)
 G - a wand of acid (4)
Scrolls
 e - 3 scrolls of vulnerability {unknown}
 j - 5 scrolls of fog {unknown}
 m - 7 scrolls of magic mapping
 n - a scroll of amnesia {unknown}
 t - a scroll of holy word {unknown}
 u - 2 scrolls of enchant weapon {unknown}
 w - 2 scrolls of noise {unknown}
 y - 8 scrolls of teleportation {unknown}
 A - a scroll of immolation {unknown}
 B - 9 scrolls of identify {unknown}
 E - 2 scrolls of enchant armour {unknown}
 H - 2 scrolls of torment {unknown}
 J - a scroll of brand weapon {unknown}
 L - a scroll of summoning {unknown}
 Q - a scroll of blinking {unknown}
Potions
 f - 6 potions of curing
 k - 5 potions of heal wounds {unknown}
 l - 3 potions of brilliance {unknown}
 o - 5 potions of attraction {unknown}
 p - 2 potions of mutation {unknown}
 x - 2 potions of haste {unknown}
 F - a potion of flight {unknown}
 I - a potion of cancellation {unknown}
 K - 3 potions of ambrosia {unknown}
 R - a potion of might {unknown}


   Skills:
 + Level 7.8 Fighting
 + Level 5.5 Staves
 + Level 7.0 Throwing
 + Level 6.8 Armour
 + Level 7.3 Dodging
 + Level 7.1 Invocations
 + Level 6.8 Evocations


You had 10 spell levels left.
You didn't know any spells.
Your spell library contained the following spells:

 Spells                   Type           Power      Damage    Failure   Level
 Freeze                   Ice            0%         1d3       77%         1
 Shock                    Conj/Air       0%         1d3       77%         1
 Static Discharge         Conj/Air       0%         N/A       88%         2
 Sublimation of Blood     Necr           0%         N/A       88%         2
 Wereblood                Tmut           0%         N/A       88%         2
 Conjure Flame            Conj/Fire      0%         6-21      98%         3
 Frozen Ramparts          Ice            0%         1d2       98%         3
 Gell's Gravitas          Tloc           0%         N/A       98%         3
 Ignite Poison            Fire/Tmut/Pois 0%         N/A       98%         3
 Lesser Beckoning         Tloc           0%         N/A       98%         3
 Teleport Other           Tloc           0%         N/A       98%         3
 Dispel Undead            Necr           0%         3d6       100%        4
 Hailstorm                Conj/Ice       0%         3d3       100%        4
 Petrify                  Tmut/Erth      0%         N/A       100%        4
 Sticky Flame             Conj/Fire      0%         2d3       100%        4
 Metabolic Englaciation   Hex/Ice        0%         N/A       100%        5
 Statue Form              Tmut/Erth      0%         N/A       100%        6
 Summon Hydra             Summ           0%         N/A       100%        7


Dungeon Overview and Level Annotations

Branches:
Dungeon (10/15)            Temple (1/1) D:5            Lair (1/6) D:10
    Orc (0/2) D:10          Sewer (visited)         Ossuary (visited)

Altars:
Ashenzari
Cheibriados
Dithmenos
Elyvilon
Fedhas
Gozag
Hepliaklqana
Kikubaaqudgha
Makhleb
Nemelex Xobeh
Okawaru
Qazlal
Ru
Sif Muna
Trog
Uskayaw
Vehumet
Wu Jian
Xom
Yredelemnul
Zin
The Shining One
Lugonu

Shops:
D:3 *   D:7 :

Annotations:
D:8 3 runed translucent doors, leviel's ghost, novice HOFi; ytrimaz's ghost, novice OpTm


Innate Abilities, Weirdness & Mutations

Your demonic aura often causes spilled blood to erupt in flames.
You regenerate a little health from kills.
Your movements are less encumbered by armour. (ER -4)
Your touch may inflict minor irresistible damage on your foes.


Message History

The yak closely misses you. The yak gores you! The yak barely misses you.
The yak gores you. The yak gores you but does no damage.
There is a staircase back to the Dungeon, spattered with blood here.
Unknown command.
The cane toad closely misses you. The yak barely misses you.
The yak gores you. x3
You block the yak's attack.
The cane toad stings you but does no damage.
You fly upwards.
Welcome back to the Dungeon!
There is a staircase to the Lair here.
The yak is engulfed in freezing vapours.
The cane toad closely misses you.
The cane toad is struck by lightning.
The yak is engulfed in freezing vapours.
The cane toad is struck by lightning.
The cane toad stings you but does no damage.
The cane toad stings you!
You are poisoned.
The cane toad poisons you!
You feel very sick.
You feel very sick. The cane toad stings you.
You are more poisoned.
The cane toad poisons you!
You feel extremely sick.
You feel extremely sick.
You feel very sick.
Aiming: Upheaval
Press: ? - help, Dir - move target A blizzard blasts the area with ice!
You feel very sick. The cane toad stings you!
* * * LOW HITPOINT WARNING * * *
The cane toad stings you but does no damage.
It was a potion of curing.
You feel better. The cane toad barely misses you. The yak gores you!
* * * LOW HITPOINT WARNING * * *
As you read the scroll labelled ZANENT ABBE, it crumbles to dust.
You feel aware of your surroundings.
It was a scroll of magic mapping.
The cane toad stings you!
You die...

#...............≈≈≈≈.≈≈≈≈≈..
#...............≈≈≈..≈.≈≈≈.. ##
#..............≈≈≈...≈.≈≈≈≈. .##
##.............≈≈≈....≈≈≈≈≈≈
..### #...[.......≈.≈≈≈.†..≈≈≈≈≈≈
#...###...<........≈≈≈.≈.>.≈≈≈≈≈≈
##............○.....≈≈≈....≈≈≈≈≈≈
###.............☼.≈≈≈≈.≈.≈.≈≈≈≈≈
##..##.......@YYYYY≈≈≈≈≈≈≈≈≈≈≈
#.###.....§.☼F§..≈≈≈≈≈≈≈≈≈..≈ #.#
##......°..≈≈≈.≈.≈≈≈≈≈... ##.#
#..............≈≈.≈.≈... ####..#
##...........≈.≈.≈.≈.... ......##
###...##........≈....≈. .......##
######............... ........###
####....##...### ..........# **#
########..#


You could see 5 yaks and a cane toad.

Vanquished Creatures
  Harold (D:8)
  Pikel (D:8)
  An ugly thing (D:7)
  A cane toad (D:10)
  Maggie (D:10)
  An unseen horror (D:10)
  2 trolls
  Grinder (D:4)
  3 yaks (D:9)
  A steam dragon (D:8)
  6 vampire mosquitoes (D:10)
  3 orc warriors
  A sky beast (D:7)
  2 hornet zombies
  5 wolves
  5 centaurs
  4 ogres
  A phantom (D:4)
  2 lemures (D:8)
  A kobold brigand (D:8)
  Blork the orc (D:6)
  3 wyvern zombies
  4 bullfrogs
  2 gnoll sergeants
  2 scorpions (D:4)
  2 water moccasin zombies
  A wyvern skeleton (D:7)
  A water moccasin skeleton (D:5)
  15 killer bees
  3 electric eels
  3 wights (D:9)
  6 bullfrog zombies
  9 centaur zombies
  6 hounds
  An orc priest (D:6)
  2 jellies
  A centaur skeleton (D:6)
  3 iguanas
  Crazy Yiuf (D:4)
  4 orc wizards
  Natasha (thrice) (D:3)
  A killer bee zombie (Ossuary)
  17 mummies (Ossuary)
  A howler monkey zombie (Ossuary)
  10 gnolls
  4 adders
  A shadow imp (D:7)
  2 white imps
  2 worms (D:3)
  35 orcs
  8 ball pythons
  3 bats (D:1)
  7 endoplasms
  8 giant cockroaches
  3 goblins
  6 hobgoblins
  2 jackals (D:4)
  6 quokkas
  12 frilled lizards
  16 kobolds
  A quokka skeleton (D:4)
  12 rats
273 creatures vanquished.

Vanquished Creatures (others)
  An orc zombie (D:8)
  11 withered plants
12 creatures vanquished.

Grand Total: 285 creatures vanquished

Notes
Turn   | Place    | Note
-------+----------+-------------------------------------------
     0 | D:1      | flotson the Demonspawn Gladiator began the quest for the
                  | Orb.
     0 | D:1      | Reached XP level 1. HP: 16/16 MP: 1/1
   225 | D:1      | Gained mutation: Your demonic aura sometimes causes spilled
                  | blood to erupt in flames. [demonic ancestry]
   225 | D:1      | Reached XP level 2. HP: 22/22 MP: 2/2
   735 | D:1      | Reached skill level 1 in Armour
   820 | D:1      | Gained mutation: Your demonic aura often causes spilled
                  | blood to erupt in flames. [demonic ancestry]
   820 | D:1      | Reached XP level 3. HP: 28/28 MP: 3/3
  1879 | D:2      | Gained mutation: Your movements are slightly less
                  | encumbered by armour. (ER -2) [demonic ancestry]
  1879 | D:2      | Reached XP level 4. HP: 34/34 MP: 4/4
  2102 | D:3      | Noticed Natasha
  2109 | D:3      | Killed Natasha
  2124 | D:3      | Noticed Natasha
  2131 | D:3      | Killed Natasha
  2236 | D:3      | Reached XP level 5. HP: 31/41 MP: 5/5
  2395 | D:3      | Found Gozag's Platinum Reserve.
  2398 | D:3      | Found an opulent altar of Gozag.
  2429 | D:3      | Noticed Natasha
  2437 | D:3      | Killed Natasha
  2955 | D:3      | Found a hazy altar of Hepliaklqana.
  2959 | D:3      | Found a shadowy altar of Dithmenos.
  2959 | D:3      | Noticed a shadow
  2991 | D:4      | Found a shimmering altar of Xom.
  3508 | D:4      | Found a runed translucent door.
  3509 | D:4      | Noticed Crazy Yiuf
  3525 | D:4      | Killed Crazy Yiuf
  3605 | D:4      | Found a blossoming altar of Fedhas.
  3642 | D:4      | Gained mutation: You regenerate a little health from kills.
                  | [demonic ancestry]
  3642 | D:4      | Reached XP level 6. HP: 24/47 MP: 6/6
  3947 | D:4      | Reached skill level 1 in Evocations
  4331 | D:5      | Entered Level 5 of the Dungeon
  4331 | D:5      | Noticed Grinder
  4340 | D:5      | Paralysed by Grinder for 2 turns
  4352 | D:4      | Killed Grinder
  4353 | D:4      | Gained mutation: Your touch may inflict minor irresistible
                  | damage on your foes. [demonic ancestry]
  4353 | D:4      | Reached XP level 7. HP: 39/54 MP: 7/7
  4486 | D:5      | Found a glowing drain.
  4490 | Sewer    | Entered a sewer
  4686 | Sewer    | Identified the +1 ring mail of Baldness {-Cast Will+++
                  | Str+4}
  5134 | D:5      | Gained mutation: Your movements are less encumbered by
                  | armour. (ER -4) [demonic ancestry]
  5134 | D:5      | Reached XP level 8. HP: 55/61 MP: 8/8
  5283 | D:5      | Found a staircase to the Ecumenical Temple.
  5291 | Temple   | Entered the Ecumenical Temple
  5302 | Temple   | Became a worshipper of Qazlal Stormbringer
  5692 | D:6      | Reached skill level 5 in Fighting
  5746 | D:6      | Reached skill level 5 in Dodging
  5961 | D:6      | Noticed Blork the orc
  5972 | D:6      | Killed Blork the orc
  6621 | D:7      | Found Lefuz's Book Emporium.
  6760 | D:7      | Reached * piety under Qazlal
  6761 | D:7      | Reached skill level 5 in Throwing
  6761 | D:7      | Reached skill level 1 in Invocations
  6806 | D:7      | Reached XP level 9. HP: 24/69 MP: 10/10
  7205 | D:7      | Noticed a cyan ugly thing
  7225 | D:7      | Killed a cyan ugly thing
  7226 | D:7      | Reached skill level 5 in Armour
  7531 | D:7      | Found an ornate altar of the Wu Jian Council.
  7566 | D:7      | Found a hide-covered altar of Uskayaw.
  7883 | D:8      | Found a sand-covered staircase.
  7890 | Ossuary  | Entered an ossuary
  7985 | Ossuary  | Reached ** piety under Qazlal
  8012 | Ossuary  | Reached skill level 5 in Evocations
  8460 | D:8      | Reached XP level 10. HP: 77/77 MP: 13/13
  8563 | D:8      | Noticed Harold
  8573 | D:8      | Killed Harold
  8716 | D:8      | Noticed Pikel
  8732 | D:8      | Killed Pikel
  8733 | D:8      | Reached skill level 5 in Invocations
  8874 | D:8      | Found a shimmering blue altar of Sif Muna.
  8914 | D:8      | Found a runed translucent gate.
  8914 | D:8      | Found a runed translucent gate.
  8914 | D:8      | Found a runed translucent gate.
  8918 | D:8      | Noticed leviel's ghost (novice HOFi)
  8918 | D:8      | Noticed ytrimaz's ghost (novice OpTm)
  8979 | D:8      | Reached *** piety under Qazlal
  9243 | D:8      | Got Sif Muna's Volume of Arcane Weapons
  9298 | D:8      | Found a radiant altar of Vehumet.
  9299 | D:8      | Found a snail-covered altar of Cheibriados.
 10701 | D:9      | Reached **** piety under Qazlal
 10830 | D:10     | Entered Level 10 of the Dungeon
 10839 | D:10     | Noticed Maggie
 10865 | D:10     | Killed Maggie
 11220 | D:10     | Reached skill level 5 in Staves
 11223 | D:10     | Reached XP level 11. HP: 37/84 MP: 8/15
 11884 | D:10     | Found a staircase to the Lair.
 12061 | D:10     | Found a sparkling altar of Nemelex Xobeh.
 12115 | D:10     | Found a broken altar of Ashenzari.
 12358 | D:10     | Found a staircase to the Orcish Mines.
 12359 | D:10     | Found an iron altar of Okawaru.
 12890 | Lair:1   | Entered Level 1 of the Lair of Beasts
 12931 | D:10     | Mangled by a cane toad

Illustrated notes

Levels and vault maps discovered:
D:1:      wander_arrival_estate, layout_loops_ring, serial_forest,
          infiniplex_forest_clump_small, infiniplex_forest_diagonal,
          infiniplex_forest_side_room, infiniplex_forest_lined_2,
          infiniplex_forest_clump_curved, infiniplex_forest_end_3,
          infiniplex_forest_clump_curved, infiniplex_forest_straight_4
D:2:      layout_basic
D:3:      layout_rooms, riverfiend_overflow_shadow_ancestor,
          general_overflow_altar, mainiacjoe_overflow_alcove_2,
          nicolae_gozag_zags_fifth_avenue, uniq_natasha
D:4:      layout_cave_pools, mainiacjoe_overflow_cross_hatched,
          mainiacjoe_overflow_catwalk, grunt_ministairs_4,
          uniq_crazy_yiuf_cottage
D:5:      layout_loops_cross, minmay_temple_entry_drinking_statues,
          gup_sewer_entry_bowl, uniq_grinder
D:6:      layout_loops_cross, serial_bayou_pond_d, minmay_small_thing,
          uniq_blork_the_orc
D:7:      layout_basic, kennysheep_little_box,
          mainiacjoe_overflow_surrounded_room, serial_shops,
          nicolae_shop_window_shopping, nicolae_concentric_dashed_squares_mild
D:8:      layout_gridville, mainiacjoe_overflow_six_doors_small, led_sif_book,
          nicolae_overflow_squiral, gammafunk_ghost_cemetery, enter_ossuary_3,
          columned_hall_lemuel, uniq_harold, uniq_pikel
D:9:      layout_loops_ring, serial_bayou_pond_e
D:10:     layout_cave_pods, mainiacjoe_overflow_tiny_flanked,
          amcnicky_altar_gilded, nicolae_overflow_hidden_temple,
          erik_lair_island, orc_0_dummy, uniq_maggie
Temple:   corrupted_temple
Lair:1:   layout_cave_shapes, lemuel_oklob_altar, infiniplex_staircase_pool_2

Skill      XL: |  1  2  3  4  5  6  7  8  9 10 11 |
---------------+----------------------------------+-----
Throwing       | 2 3 4 5 6 7 |  7.0
Dodging        | 3 4 5 6 7 |  7.3
Armour         | 1 2 3 4 5 6 |  6.8
Fighting       | 3 4 5 6 7 |  7.8
Evocations     | 2 3 4 5 6 |  6.8
Invocations    | 1 4 6 7 |  7.1
Staves         | 3 5 |  5.5

Action                   |  1- 3 |  4- 6 |  7- 9 | 10-12 || total
-------------------------+-------+-------+-------+-------++-------
Melee: Quarterstaff      |   108 |   139 |   359 |   320 ||   926
Throw: Dart              |     1 |    10 |     2 |     6 ||    19
       Throwing net      |       |     1 |       |     4 ||     5
Invok: Upheaval          |       |       |       |     5 ||     5
Evoke: Wand              |       |       |     5 |     5 ||    10
  Use: Scroll            |       |       |       |     1 ||     1
       Potion            |       |       |       |     1 ||     1
 Stab: Confused          |       |     1 |       |       ||     1
       Petrifying        |       |       |     1 |       ||     1
       Petrified         |       |       |     9 |       ||     9
Armor: Leather armour    |    19 |       |       |       ||    19
       Storm dragon scal |    23 |    85 |   233 |   245 ||   586
Dodge: Dodged            |    65 |    75 |   233 |   289 ||   662
Block: Other             |       |       |    19 |   121 ||   140

Table legend: (Time is in decaauts)
 A = Elapsed time spent in this place.
 B = Non-inter-level travel time spent in this place.
 C = Inter-level travel time spent in this place.
 D = Time resting spent in this place.
 E = Time spent auto-exploring this place.
 F = Levels seen in this place.
 G = Mean time per level.
                   A        B        C        D        E       F      G
               +--------+--------+--------+--------+--------+-----+--------+
         Total |  13165 |  12809 |    356 |    394 |  10065 |  14 |  940.4 |
       Dungeon |  12044 |  11699 |    345 |    394 |   9412 |  10 | 1204.4 |
        Temple |     29 |     18 |     11 |      0 |     11 |   1 |   29.0 |
          Lair |      8 |      8 |      0 |      0 |      0 |   1 |    8.0 |
         Sewer |    492 |    492 |      0 |      0 |    313 |   1 |  492.0 |
       Ossuary |    591 |    591 |      0 |      0 |    328 |   1 |  591.0 |
               +--------+--------+--------+--------+--------+-----+--------+

Top non-repeatable levels by time:
    D:10: 1724 daAuts
     D:8: 1504 daAuts
     D:7: 1389 daAuts
     D:9: 1287 daAuts
     D:1: 1284 daAuts
     D:4: 1227 daAuts
     D:3: 1075 daAuts
     D:5: 901 daAuts
     D:6: 837 daAuts
     D:2: 811 daAuts
 Ossuary: 591 daAuts
   Sewer: 492 daAuts
  Temple: 29 daAuts
  Lair:1: 8 daAuts
